[Event "November 21 Late 2023"]
[Site "https://www.chess.com"]
[Date "2023.11.21"]
[Round "9"]
[White "Qiao, Cindy"]
[Black "AndresDelgado77"]
[Result "1-0"]
[Board "110"]
[TimeControl "180+1"]
[WhiteFideId "2620243"]
[WhiteElo "1862"]
[BlackElo "2276"]
[WhiteTeam "CAN"]
[WhiteClock "0:00:14"]
[BlackClock "0:00:00"]

1. e4 e6 2. d4 d5 3. exd5 exd5 4. Bf4 c6 5. Nf3 Qb6 6. Qc1 Bg4 7. Nbd2 Nd7 8. c3 O-O-O 9. Bd3 Re8+ 10. Be3 f5 11. O-O Ngf6 12. Bf4 Ne4 13. a4 Ndf6 14. b4 Bd6 15. Ne5 Nh5 16. a5 Qc7 17. Bg3 f4 18. Nxg4 fxg3 19. hxg3 Qd7 20. Nh2 Rhf8 21. Nhf3 g5 22. Bxe4 dxe4 23. Nxg5 e3 24. fxe3 Qg4 25. Ndf3 Nxg3 26. Re1 h6 27. a6 b6 28. e4 hxg5 29. Qxg5 Qxg5 30. Nxg5 Bf4 31. Nf3 Nxe4 32. c4 Bg3 33. Red1 Bf2+ 34. Kf1 Be3 35. d5 Ng3+ 36. Ke1 Bd4+ 37. Kd2 Bxa1 38. Rxa1 Re2+ 39. Kd3 Rxg2 40. Ne5 Re8 41. Re1 Re2 42. Rxe2 Nxe2 43. Nxc6 Nf4+ 44. Kd4 Rf8 45. Nxa7+ Kb8 46. Nc6+ 1-0

[Event "November 21 Late 2023"]
[Site "https://www.chess.com"]
[Date "2023.11.21"]
[Round "10"]
[White "Carlsen, Magnus"]
[Black "Szpar, Milosz"]
[Result "1-0"]
[Board "1"]
[TimeControl "180+1"]
[WhiteFideId "1503014"]
[BlackFideId "1184989"]
[WhiteElo "2887"]
[BlackElo "2446"]
[WhiteTeam "NOR"]
[BlackTeam "POL"]
[WhiteClock "0:01:02"]
[BlackClock "0:00:02"]

1. b3 d5 2. Bb2 Bg4 3. f3 Bf5 4. e4 dxe4 5. Nc3 Nc6 6. fxe4 Bg6 7. Nf3 e5 8. Bb5 Bd6 9. d4 exd4 10. Qxd4 f6 11. Bxc6+ bxc6 12. O-O-O Ne7 13. e5 fxe5 14. Nxe5 O-O 15. Ne4 Nf5 16. Qc4+ Kh8 17. Nxg6+ hxg6 18. h4 Qe8 19. h5 g5 20. h6 Be5 21. hxg7+ Kxg7 22. Bxe5+ Qxe5 23. Rd7+ Ne7 24. Qc3 Qxc3 25. Rxe7+ Rf7 26. Rxf7+ Kxf7 27. Nxc3 1-0

[Event "November 21 Late 2023"]
[Site "https://www.chess.com"]
[Date "2023.11.21"]
[Round "10"]
[White "Theodorou, Nikolas"]
[Black "Le, Quang Liem"]
[Result "0-1"]
[Board "2"]
[TimeControl "180+1"]
[WhiteFideId "4262875"]
[BlackFideId "12401137"]
[WhiteElo "2525"]
[BlackElo "2665"]
[WhiteTeam "GRE"]
[BlackTeam "VIE"]
[WhiteClock "0:00:02"]
[BlackClock "0:00:17"]

1. Nf3 Nf6 2. b3 d5 3. Bb2 c5 4. e3 a6 5. c4 Nc6 6. cxd5 Nxd5 7. Nc3 Bf5 8. a3 e6 9. Rc1 Nxc3 10. Bxc3 Qd7 11. Be2 Be7 12. O-O O-O 13. Ne5 Nxe5 14. Bxe5 Rfd8 15. d4 f6 16. Bg3 cxd4 17. Rc7 Qe8 18. exd4 Rd7 19. Rxd7 Qxd7 20. Bc4 b5 21. Qf3 Rc8 22. Qxf5 bxc4 23. Qc2 c3 24. Rd1 Bxa3 25. h3 Bb4 26. Re1 Qd5 27. Kh2 a5 28. Re3 Rc6 29. h4 Qf5 30. Re4 h5 31. f3 Kf7 32. Kg1 Qd5 33. Bf2 Ba3 34. Kh2 Bb2 35. Rf4 Rb6 36. Qh7 Rxb3 37. g4 Ba3 38. g5 Bd6 39. g6+ Ke8 40. Qg8+ Kd7 41. Qxg7+ Kc6 42. Qxf6 c2 43. g7 c1=Q 44. g8=Q Qxf4+ 0-1

[Event "November 21 Late 2023"]
[Site "https://www.chess.com"]
[Date "2023.11.21"]
[Round "10"]
[White "Erigaisi Arjun"]
[Black "Bortnyk, Mykola"]
[Result "1-0"]
[Board "3"]
[TimeControl "180+1"]
[WhiteFideId "35009192"]
[BlackFideId "14120836"]
[WhiteElo "2729"]
[BlackElo "2592"]
[WhiteTeam "IND"]
[BlackTeam "UKR"]
[WhiteClock "0:00:21"]
[BlackClock "0:00:05"]

1. c4 e5 2. Nc3 Nc6 3. Nf3 Nf6 4. g3 Be7 5. Bg2 O-O 6. O-O d6 7. d4 exd4 8. Nxd4 Bd7 9. b3 Re8 10. Bb2 Bf8 11. e3 a6 12. Qd2 Rb8 13. h3 Qc8 14. Kh2 Ne5 15. f4 Ng6 16. a4 c6 17. e4 h5 18. Rfe1 h4 19. g4 Bxg4 20. f5 Ne5 21. hxg4 Nexg4+ 22. Kh1 d5 23. e5 Nxe5 24. cxd5 c5 25. Ne6 Neg4 26. Ne4 fxe6 27. fxe6 Be7 28. d6 h3 29. Bf3 Rd8 30. d7 Qc7 31. Rg1 h2 32. Nxf6+ Nxf6 33. Rxg7+ Kxg7 34. Qg5+ Kh7 35. Be4+ Nxe4 36. Qg7# 1-0

[Event "November 21 Late 2023"]
[Site "https://www.chess.com"]
[Date "2023.11.21"]
[Round "10"]
[White "Nihal Sarin"]
[Black "Bortnyk, Olexandr"]
[Result "0-1"]
[Board "4"]
[TimeControl "180+1"]
[WhiteFideId "25092340"]
[BlackFideId "14120828"]
[WhiteElo "2689"]
[BlackElo "2725"]
[WhiteTeam "IND"]
[BlackTeam "UKR"]
[WhiteClock "0:00:03"]
[BlackClock "0:00:02"]

1. Nf3 Nf6 2. b3 g6 3. Bb2 Bg7 4. e3 O-O 5. d4 d5 6. c4 c6 7. Nc3 Bf5 8. h3 Ne4 9. Be2 Nxc3 10. Bxc3 Nd7 11. O-O Nf6 12. Rc1 Ne4 13. Bb2 a6 14. a3 Rc8 15. Ne5 Bxe5 16. dxe5 dxc4 17. Bxc4 Nd2 18. e6 fxe6 19. Qe2 Nxf1 20. Qxf1 b5 21. Be2 Qd5 22. b4 Rfd8 23. Bd4 e5 24. Rc5 exd4 25. Rxd5 Rxd5 26. Bf3 d3 27. e4 Bxe4 28. Bxe4 d2 29. Qd1 Rd4 30. Bf3 Rcd8 31. Qb3+ Kf8 32. Bd1 R8d6 33. Qf3+ Kg7 34. Qc3 h5 35. Kh2 Kf8 36. Qf3+ Ke8 37. Qe3 Rd3 38. Qe5 R3d4 39. Qh8+ Kd7 40. g4 hxg4 41. hxg4 Re4 42. g5 Kc7 43. Qa8 Kd7 44. Qxa6 Re1 45. Qb7+ Ke6 46. Bg4+ Kd5 47. a4 bxa4 48. b5 d1=Q 49. Bxd1 Rxd1 50. b6 Rb1 51. Qa7 c5 52. Qa8+ Kd4 53. Qxa4+ c4 54. b7 Rdb6 55. Qa7 Kd5 56. Qa5+ R1b5 57. Qd2+ Kc6 58. Qe3 Kxb7 59. Qxe7+ Ka6 60. Qa3+ Ra5 61. Qc3 Rc6 62. f4 Rb5 63. Qa3+ Kb7 64. Qe7+ Kb6 65. Qe3+ Ka6 66. Qa3+ Ra5 67. Qc3 Ra2+ 68. Kg3 Ra4 69. Kg4 Ra5 70. Kh4 Rd5 71. Qa3+ Kb5 72. Qb2+ Kc5 73. Qa3+ Kd4 74. Qb2+ c3 75. Qb4+ Kd3 76. Qa4 Rdc5 77. Qd1+ Kc4 78. Qc2 Kb4 79. Kg4 Kb5 80. Qb3+ Ka6 81. Qc2 Kb6 82. Qb3+ Rb5 83. Qc2 Rb2 84. Qc1 Kc7 85. f5 gxf5+ 86. Kxf5 Rb5+ 87. Kg4 c2 88. Qf4+ Kb7 89. Qf7+ Ka6 90. Qa2+ Kb6 91. Qa8 c1=Q 92. Qb8+ Ka5 93. Qa7+ Kb4 94. Qe7+ Rcc5 0-1

[Event "November 21 Late 2023"]
[Site "https://www.chess.com"]
[Date "2023.11.21"]
[Round "10"]
[White "Kovalev, Vladislav"]
[Black "Andreikin, Dmitry"]
[Result "1-0"]
[Board "5"]
[TimeControl "180+1"]
[WhiteFideId "13504398"]
[BlackFideId "4158814"]
[WhiteElo "2539"]
[BlackElo "2741"]
[WhiteTeam "FID"]
[BlackTeam "FID"]
[WhiteClock "0:02:23"]
[BlackClock "0:02:36"]

1. e4 c5 2. Nf3 g6 3. d4 cxd4 4. Nxd4 Nf6 5. Nc3 d6 6. f3 Nc6 7. Be3 h5 8. Qd2 Nxd4 9. Bxd4 Bh6 10. Bb5+ Bd7 11. Bxd7+ Qxd7 12. Qd3 Bg7 13. O-O-O Qc6 14. Nd5 O-O-O 15. Nxe7+ 1-0

[Event "November 21 Late 2023"]
[Site "https://www.chess.com"]
[Date "2023.11.21"]
[Round "10"]
[White "Deac, Bogdan-Daniel"]
[Black "Sjugirov, Sanan"]
[Result "1-0"]
[Board "6"]
[TimeControl "180+1"]
[WhiteFideId "1226380"]
[BlackFideId "4189302"]
[WhiteElo "2641"]
[BlackElo "2569"]
[WhiteTeam "ROU"]
[BlackTeam "HUN"]
[WhiteClock "0:00:23"]
[BlackClock "0:00:00"]

1. d4 Nf6 2. c4 e6 3. Nf3 d5 4. g3 Bb4+ 5. Nc3 O-O 6. Bg2 dxc4 7. O-O Nc6 8. Qa4 Nd5 9. Qc2 Be7 10. Rd1 Rb8 11. e4 Ncb4 12. Qd2 Nxc3 13. Qxc3 b5 14. b3 Bb7 15. Ne1 c5 16. Be3 Qc8 17. bxc4 cxd4 18. Bxd4 Qxc4 19. Bxg7 Qxc3 20. Bxc3 Rfd8 21. Rdb1 a5 22. a3 Rbc8 23. axb4 Rxc3 24. bxa5 b4 25. a6 Ba8 26. e5 Bxg2 27. Kxg2 Ra8 28. Ra5 Ra3 29. Ra1 Kf8 30. R1xa3 bxa3 31. Nc2 Ke8 32. Nxa3 Kd7 33. Nc4 Kc6 34. f4 Bb4 35. Ra2 Kc5 36. Nd6 f5 37. Nf7 Kd5 38. Kh3 1-0

[Event "November 21 Late 2023"]
[Site "https://www.chess.com"]
[Date "2023.11.21"]
[Round "10"]
[White "Matlakov, Maxim"]
[Black "Rustemov, Alexander"]
[Result "1/2-1/2"]
[Board "7"]
[TimeControl "180+1"]
[WhiteFideId "4168003"]
[BlackFideId "4119002"]
[WhiteElo "2638"]
[BlackElo "2876"]
[WhiteTeam "RUS"]
[BlackTeam "RUS"]
[WhiteClock "0:00:03"]
[BlackClock "0:00:23"]

1. d4 d5 2. c4 dxc4 3. Nf3 Nf6 4. e3 e6 5. Bxc4 c5 6. O-O a6 7. Qe2 b5 8. Bd3 Bb7 9. a4 bxa4 10. Rd1 Nbd7 11. Rxa4 Qc8 12. e4 Be7 13. d5 Nb6 14. Ra1 exd5 15. e5 Ne4 16. Nc3 Qe6 17. Nxe4 dxe4 18. Bxe4 Bxe4 19. Qxe4 O-O 20. Bg5 Rfe8 21. Bxe7 Qxe7 22. h3 Nd7 23. Re1 h6 24. Qc6 Qe6 25. Qxe6 Rxe6 26. Rad1 Re7 27. Rd5 Rae8 28. Re3 f6 29. exf6 Rxe3 30. Rxd7 Re1+ 31. Nxe1 Rxe1+ 32. Kh2 gxf6 33. Kg3 Rb1 34. Rb7 c4 35. Rb4 a5 36. Rxc4 Rxb2 37. Rc7 Rb4 38. Ra7 a4 39. f4 h5 40. Kh4 Rxf4+ 41. Kxh5 Kf8 42. g4 Rf3 43. h4 a3 44. Kg6 Rf4 45. g5 fxg5 46. hxg5 Rf3 47. Kh6 Rh3+ 48. Kg6 Rb3 49. Kh6 Rh3+ 50. Kg6 Rb3 51. Kh6 Rh3+ 1/2-1/2

[Event "November 21 Late 2023"]
[Site "https://www.chess.com"]
[Date "2023.11.21"]
[Round "10"]
[White "Ibarra Jerez, Jose Carlos"]
[Black "Xu, Yi"]
[Result "1-0"]
[Board "8"]
[TimeControl "180+1"]
[WhiteFideId "2226332"]
[BlackFideId "8605564"]
[WhiteElo "2634"]
[BlackElo "2460"]
[WhiteTeam "ESP"]
[BlackTeam "CHN"]
[WhiteClock "0:00:03"]
[BlackClock "0:00:00"]

1. e4 e5 2. Nf3 Nf6 3. Nc3 Nc6 4. h3 d5 5. exd5 Nxd5 6. Bb5 Nxc3 7. bxc3 Bd6 8. O-O O-O 9. d4 exd4 10. cxd4 h6 11. Bb2 a6 12. Be2 Ne7 13. c4 c5 14. d5 b5 15. Qc2 bxc4 16. Bxc4 Ng6 17. Qc3 f6 18. Rfe1 Bf5 19. Re3 Ne5 20. Nxe5 Bxe5 21. d6+ Kh7 22. Rxe5 fxe5 23. Rd1 Qd7 24. Qxe5 Rae8 25. Qxc5 Be4 26. Qc7 Rd8 27. Rd4 Qf5 28. Rd2 Rd7 29. Qb6 Qg6 30. Bf1 Rf5 31. Qd4 Rg5 32. f4 Rg3 33. Kh2 1-0

[Event "November 21 Late 2023"]
[Site "https://www.chess.com"]
[Date "2023.11.21"]
[Round "10"]
[White "Kamsky, Gata"]
[Black "Wagner, Dennis"]
[Result "1-0"]
[Board "9"]
[TimeControl "180+1"]
[WhiteFideId "2000024"]
[BlackFideId "24650684"]
[WhiteElo "2660"]
[BlackElo "2482"]
[WhiteTeam "USA"]
[BlackTeam "GER"]
[WhiteClock "0:00:57"]
[BlackClock "0:00:06"]

1. d4 Nf6 2. Nf3 g6 3. Bg5 Bg7 4. c3 O-O 5. Nbd2 d6 6. e4 c5 7. dxc5 dxc5 8. Be2 Nc6 9. O-O Qc7 10. h3 Nh5 11. Be3 Nf4 12. Bxc5 Rd8 13. Be3 Nxe2+ 14. Qxe2 b6 15. Rfd1 Bb7 16. Nb3 e6 17. Bg5 Ne7 18. Nfd4 a6 19. f3 h6 20. Be3 g5 21. Qf2 Be5 22. Ne2 b5 23. Bb6 Rxd1+ 24. Rxd1 Qc4 25. Na5 Qc8 26. Qc5 Nc6 27. Nxc6 Qxc6 28. Qxe5 Qxb6+ 29. Kh2 Rd8 30. Rxd8+ Qxd8 31. Ng3 Kf8 32. Nh5 Ke7 33. Qf6+ Ke8 34. Qxh6 Qd6+ 35. Ng3 Qf4 36. h4 Qxh4+ 37. Qxh4 gxh4 38. Nf1 f5 39. exf5 exf5 40. f4 Kf7 41. Ne3 Kf6 42. Kh3 Be4 43. Kxh4 a5 44. a3 Bc6 45. b4 axb4 46. axb4 Be4 47. g3 Bc6 48. Kh3 Be4 49. Kh2 Bc6 50. Kg1 Be4 51. Kf2 Ke6 52. Ke2 Kd6 53. Kd2 Kc6 54. c4 bxc4 55. Kc3 Kd6 56. Nxc4+ Kd5 57. Ne3+ Kc6 58. Kd4 Kb5 59. Ke5 Kxb4 60. Nxf5 Bf3 61. Nd4 Bh5 62. f5 Kc5 63. f6 Bg6 64. Ne6+ Kc6 65. f7 Bxf7 66. Nd8+ 1-0

[Event "November 21 Late 2023"]
[Site "https://www.chess.com"]
[Date "2023.11.21"]
[Round "10"]
[White "Nakamura, Hikaru"]
[Black "Eljanov, Pavel"]
[Result "1-0"]
[Board "10"]
[TimeControl "180+1"]
[WhiteFideId "2016192"]
[BlackFideId "14102951"]
[WhiteElo "2874"]
[BlackElo "2598"]
[WhiteTeam "USA"]
[BlackTeam "UKR"]
[WhiteClock "0:00:21"]
[BlackClock "0:00:03"]

1. h4 d5 2. d4 c5 3. dxc5 e6 4. e4 Bxc5 5. e5 Qb6 6. Qe2 Ne7 7. h5 Nbc6 8. c3 Nxe5 9. h6 N7g6 10. hxg7 Rg8 11. Rxh7 Bd7 12. Nh3 O-O-O 13. Nd2 a6 14. Nb3 Bb5 15. Qc2 Bxf1 16. Kxf1 Be7 17. Be3 Qb5+ 18. Qe2 Qxe2+ 19. Kxe2 Bf6 20. Bg5 Nd7 21. Rh1 Rde8 22. Bh6 Be5 23. Be3 Nf6 24. Rh6 Ng4 25. Rh7 Nf6 26. Rh6 Ng4 27. Rh5 Nxe3 28. Kxe3 Rxg7 29. g3 Bc7 30. Rd1 Ne7 31. Kf3 Nc6 32. Nd4 Ne5+ 33. Kg2 Nc4 34. Rb1 Bb6 35. b3 Nd2 36. Rc1 Ne4 37. Ne2 Kb8 38. c4 d4 39. Nhf4 e5 40. Nd3 f6 41. c5 Bc7 42. b4 Ng5 43. Nb2 e4 44. Nxd4 Be5 45. Nf5 Rd7 46. Nc4 Nf3 47. Nfd6 Bxd6 48. Nxd6 Re6 49. Rh8+ Ka7 50. Nc8+ 1-0

[Event "November 21 Late 2023"]
[Site "https://www.chess.com"]
[Date "2023.11.21"]
[Round "10"]
[White "Pakleza, Zbigniew"]
[Black "Grischuk, Alexander"]
[Result "0-1"]
[Board "11"]
[TimeControl "180+1"]
[WhiteFideId "1119290"]
[BlackFideId "4126025"]
[WhiteElo "2410"]
[BlackElo "2699"]
[WhiteTeam "POL"]
[BlackTeam "RUS"]
[WhiteClock "0:00:18"]
[BlackClock "0:00:17"]

1. d4 e6 2. Nf3 c5 3. c3 Nf6 4. Bf4 b6 5. e3 Be7 6. h3 O-O 7. Nbd2 cxd4 8. cxd4 Bb7 9. Bd3 Ba6 10. Bxa6 Nxa6 11. O-O Qc8 12. Qa4 Qb7 13. Rfc1 Rfc8 14. Qb5 Nb4 15. a3 Nbd5 16. Bh2 a6 17. Qd3 b5 18. e4 Nb6 19. Bf4 h6 20. e5 Nfd5 21. Bg3 Nc4 22. Qb3 Rab8 23. Ne4 a5 24. a4 bxa4 25. Qxb7 Rxb7 26. Rxa4 Bb4 27. b3 Ncb6 28. Rxc8+ Nxc8 29. Bh4 Na7 30. Nfd2 Bxd2 31. Nxd2 Nc6 32. Ne4 Rxb3 33. Nc5 Rb1+ 34. Kh2 Rb4 35. Ra1 Rxd4 36. Bg3 Nc3 37. f3 Rd5 38. Nb3 a4 39. Nc1 Rd1 0-1

[Event "November 21 Late 2023"]
[Site "https://www.chess.com"]
[Date "2023.11.21"]
[Round "10"]
[White "Sarana, Alexey"]
[Black "Ghasi, Ameet K"]
[Result "0-1"]
[Board "12"]
[TimeControl "180+1"]
[WhiteFideId "24133795"]
[BlackFideId "409200"]
[WhiteElo "2707"]
[BlackElo "2558"]
[WhiteTeam "SRB"]
[BlackTeam "ENG"]
[WhiteClock "0:00:09"]
[BlackClock "0:00:14"]

1. c4 g6 2. e4 Bg7 3. Nf3 d6 4. d4 Bg4 5. d5 c6 6. h3 Bxf3 7. Qxf3 Nf6 8. Be2 O-O 9. O-O Nbd7 10. dxc6 bxc6 11. Nc3 Qa5 12. Bd2 Rfb8 13. b3 Qc7 14. Rac1 a5 15. Rfd1 Nc5 16. Be3 Nfd7 17. Bg5 a4 18. bxa4 Nxa4 19. Nxa4 Rxa4 20. Rc2 Nc5 21. Qe3 Rba8 22. Rdd2 Ne6 23. Bg4 Nxg5 24. Qxg5 R8a5 25. Qe3 c5 26. g3 Bd4 27. Qe2 Ra3 28. Kg2 h5 29. Bf3 Qa7 30. h4 R5a4 31. Kh2 Kg7 32. Bg2 Qa6 33. Bh3 Rb4 34. Bd7 Qb7 35. Bh3 Rb1 36. Bg2 Qd7 37. f4 Bg1+ 38. Kh1 Rxg3 39. Rd1 Rxd1 40. Qxd1 Be3 41. f5 Rg4 42. Qe1 Bd4 43. Bf3 Rf4 44. Kg2 Bf6 45. Qg3 Rxh4 46. Rd2 Qa4 47. fxg6 fxg6 48. e5 dxe5 49. Bd5 Rg4 0-1

[Event "November 21 Late 2023"]
[Site "https://www.chess.com"]
[Date "2023.11.21"]
[Round "10"]
[White "Skvortsov, Andrei"]
[Black "Khismatullin, Denis"]
[Result "0-1"]
[Board "13"]
[TimeControl "180+1"]
[WhiteFideId "24108600"]
[BlackFideId "4142578"]
[WhiteElo "2357"]
[BlackElo "2552"]
[WhiteTeam "MNE"]
[BlackTeam "RUS"]
[WhiteClock "0:00:06"]
[BlackClock "0:00:13"]

1. e4 c5 2. d4 cxd4 3. Qxd4 Nc6 4. Qd3 e6 5. Nc3 a6 6. Bf4 b5 7. Nf3 Bb7 8. Be2 Nf6 9. O-O Nb4 10. Qd2 Nxe4 11. Nxe4 Bxe4 12. a4 bxa4 13. Rxa4 a5 14. c3 Bc6 15. Raa1 Nd5 16. Bg5 Be7 17. Bxe7 Nxe7 18. Ne5 Qc7 19. Ng4 O-O 20. Qd4 Ng6 21. Ne3 Nf4 22. Rfe1 e5 23. Qc5 d6 24. Qa3 a4 25. Bf1 Rab8 26. Nf5 Rfd8 27. Rad1 Rb3 28. Qa2 g6 29. Ne3 Rdb8 30. Rd2 d5 31. Ng4 e4 32. g3 Ne6 33. Nf6+ Kg7 34. Nxd5 Bxd5 35. Rxd5 Rxb2 36. Qxa4 Qb6 37. Re2 Rxe2 38. Bxe2 e3 39. Qe4 exf2+ 40. Kg2 Kg8 41. Qf3 Qc6 42. Rd3 Qc7 43. Qxf2 Rb2 44. Re3 Qc6+ 45. Kg1 Qc5 46. Rf3 Rxe2 47. Qxc5 Nxc5 0-1

[Event "November 21 Late 2023"]
[Site "https://www.chess.com"]
[Date "2023.11.21"]
[Round "10"]
[White "Nazari, Arad"]
[Black "Chigaev, Maksim"]
[Result "0-1"]
[Board "14"]
[TimeControl "180+1"]
[WhiteFideId "12577324"]
[BlackFideId "4108116"]
[WhiteElo "2100"]
[BlackElo "2561"]
[WhiteTeam "IRI"]
[BlackTeam "ESP"]
[WhiteClock "0:00:00"]
[BlackClock "0:00:15"]

1. e4 c5 2. Nf3 d6 3. Bb5+ Bd7 4. Bxd7+ Qxd7 5. O-O Nc6 6. c3 d5 7. exd5 Qxd5 8. d4 e6 9. Be3 cxd4 10. Nxd4 Nf6 11. Nxc6 Qxc6 12. Nd2 Be7 13. Qf3 Qxf3 14. Nxf3 Nd5 15. Bd4 f6 16. Rad1 b5 17. Rfe1 Kf7 18. a4 bxa4 19. Ra1 a3 20. bxa3 Rhc8 21. Reb1 e5 22. c4 Nf4 23. Be3 Rxc4 24. Rb7 Nd5 25. Rd1 Rc7 26. Rxc7 Nxc7 27. Rd7 Rc8 28. Bxa7 Ke6 29. Rd1 Nb5 30. Be3 Nxa3 31. h3 Nc4 32. Bc1 h5 33. g3 Nd6 34. Kg2 Rc2 35. Be3 Nf5 36. Bb6 Rb2 37. Ba7 g5 38. g4 hxg4 39. hxg4 Nh6 40. Nh2 Ra2 41. Bb6 Ra4 42. f3 Ra2+ 43. Kh1 Nf7 44. Be3 Ra3 45. Bf2 Nd6 46. Kg2 Ra2 47. Kf1 Nc4 48. Rd3 Bb4 49. Kg1 Bd2 50. Rb3 Bf4 51. Nf1 Ra1 52. Kg2 Rxf1 53. Rb4 Rc1 0-1

[Event "November 21 Late 2023"]
[Site "https://www.chess.com"]
[Date "2023.11.21"]
[Round "10"]
[White "Jakubowski, Krzysztof"]
[Black "Taher, Yoseph Theolifus"]
[Result "0-1"]
[Board "15"]
[TimeControl "180+1"]
[WhiteFideId "1112848"]
[BlackFideId "7105347"]
[WhiteElo "2369"]
[BlackElo "2352"]
[WhiteTeam "POL"]
[BlackTeam "INA"]
[WhiteClock "0:00:02"]
[BlackClock "0:00:52"]

1. e4 c5 2. Nf3 g6 3. h4 h5 4. c3 Nf6 5. e5 Nd5 6. d4 cxd4 7. cxd4 Bg7 8. Nc3 Nxc3 9. bxc3 d6 10. Bf4 dxe5 11. Bxe5 O-O 12. Qd2 Nc6 13. Bxg7 Kxg7 14. Bb5 Qd5 15. Bxc6 bxc6 16. O-O Bg4 17. Ne5 c5 18. Qf4 Bf5 19. Rfd1 cxd4 20. Rxd4 Qc5 21. Rc4 Qd6 22. Rd4 Qc5 23. Rc4 Qb5 24. Rb4 Qe2 25. Nf3 Qe6 26. Nd4 Qf6 27. Nxf5+ Qxf5 28. Qxf5 gxf5 29. Ra4 Rfc8 30. c4 Rc7 31. Re1 Kf6 32. Re3 Rac8 33. Rc3 f4 34. Kf1 e5 35. Ke2 Kf5 36. Kd3 Rg8 37. c5 Rxg2 38. f3 Rh2 39. c6 Rf2 40. Rc5 Rxf3+ 41. Kc4 Rf1 42. Kb5 Rb1+ 43. Kc4 f3 44. Ra3 Kf4 45. Rd3 f2 0-1

[Event "November 21 Late 2023"]
[Site "https://www.chess.com"]
[Date "2023.11.21"]
[Round "10"]
[White "Demchenko, Anton"]
[Black "Sturt, Raven"]
[Result "1-0"]
[Board "16"]
[TimeControl "180+1"]
[WhiteFideId "4160258"]
[BlackFideId "2007304"]
[WhiteElo "2545"]
[BlackElo "2408"]
[WhiteTeam "SLO"]
[BlackTeam "USA"]
[WhiteClock "0:00:53"]
[BlackClock "0:00:00"]

1. e4 e5 2. Nf3 Nc6 3. Bc4 Nf6 4. d3 Be7 5. O-O O-O 6. Re1 d6 7. a4 Na5 8. Ba2 c5 9. Na3 a6 10. c3 h6 11. Bd2 Be6 12. Bxe6 fxe6 13. Rb1 Qe8 14. h3 Bd8 15. b4 cxb4 16. cxb4 Nc6 17. b5 axb5 18. Nxb5 Qd7 19. Qb3 Nh5 20. d4 Bb6 21. d5 Nd8 22. Bb4 Kh8 23. Bxd6 Rxf3 24. Qxf3 Nf6 25. Bxe5 Nh7 26. Qg3 Rxa4 27. Nc3 Ra6 28. Rbd1 Ng5 29. h4 1-0

[Event "November 21 Late 2023"]
[Site "https://www.chess.com"]
[Date "2023.11.21"]
[Round "10"]
[White "Galchenko, Matvey"]
[Black "Bjelobrk, Igor"]
[Result "1-0"]
[Board "17"]
[TimeControl "180+1"]
[WhiteFideId "24175480"]
[BlackFideId "4300726"]
[WhiteElo "2406"]
[BlackElo "2319"]
[WhiteTeam "FID"]
[BlackTeam "AUS"]
[WhiteClock "0:00:03"]
[BlackClock "0:00:00"]

1. e4 e6 2. d4 d5 3. e5 c5 4. c3 Nc6 5. Nf3 Qb6 6. a3 c4 7. Nbd2 Na5 8. Rb1 Bd7 9. h4 h6 10. h5 Ne7 11. Be2 Nc8 12. O-O Qc7 13. Qe1 Ba4 14. Bd1 Nb6 15. Nh2 Qc6 16. f4 Bxd1 17. Qxd1 Qa4 18. Qg4 O-O-O 19. f5 Re8 20. fxe6 fxe6 21. Qg6 Kd8 22. Ndf3 Be7 23. Qxe6 Qc2 24. Be3 Bxa3 25. Qg4 Bxb2 26. Nh4 Bxc3 27. Ng6 Rhg8 28. Rxb6 axb6 29. Rf7 Qb1+ 30. Nf1 Qb5 31. Bf2 Bxd4 32. Bxd4 Qc6 33. Bxb6+ Qxb6+ 34. Kh2 Qe6 35. Qf4 Nc6 36. Rxb7 Nxe5 37. Ne3 Qd6 38. Kh1 Re6 39. Qd4 Nd7 40. Rb1 Rge8 41. Qa7 1-0

[Event "November 21 Late 2023"]
[Site "https://www.chess.com"]
[Date "2023.11.21"]
[Round "10"]
[White "Zhigalko, Sergei"]
[Black "TheKnightOfBosnia"]
[Result "1-0"]
[Board "18"]
[TimeControl "180+1"]
[WhiteFideId "13502956"]
[WhiteElo "2616"]
[BlackElo "2630"]
[WhiteTeam "BLR"]
[WhiteClock "0:00:11"]
[BlackClock "0:00:00"]

1. e4 e5 2. Nf3 Nc6 3. Bc4 Nf6 4. d3 Bc5 5. O-O d6 6. c3 a5 7. Nbd2 h6 8. Re1 O-O 9. Nf1 Bb6 10. Ng3 Ne7 11. h3 Ng6 12. d4 c6 13. Bd3 Re8 14. Be3 Bc7 15. Qc2 Bd7 16. Rad1 Qc8 17. Qc1 d5 18. Bxh6 dxe4 19. Nxe4 Nxe4 20. Bxe4 gxh6 21. Qxh6 Bf5 22. Ng5 Nf4 23. g3 exd4 24. gxf4 Bxf4 25. Rxd4 Be5 26. Bxf5 Qxf5 27. Rxe5 Rxe5 28. Rg4 Re1+ 29. Kg2 f6 30. Nf3+ Kf7 31. Qg7+ Ke8 32. Nxe1 1-0

[Event "November 21 Late 2023"]
[Site "https://www.chess.com"]
[Date "2023.11.21"]
[Round "10"]
[White "Tactrics"]
[Black "Manukyan, Sargis A."]
[Result "1-0"]
[Board "19"]
[TimeControl "180+1"]
[BlackFideId "13303970"]
[WhiteElo "2896"]
[BlackElo "2204"]
[BlackTeam "ARM"]
[WhiteClock "0:00:36"]
[BlackClock "0:00:02"]

1. e4 c5 2. Nf3 d6 3. Bb5+ Bd7 4. Bxd7+ Qxd7 5. O-O Nc6 6. Re1 Nf6 7. b3 e6 8. Bb2 Be7 9. e5 dxe5 10. Nxe5 Nxe5 11. Bxe5 O-O 12. d3 b5 13. Nd2 Rfd8 14. Qf3 Qd5 15. Qg3 Ne8 16. Nf3 Bd6 17. Re4 Bxe5 18. Rxe5 Qd6 19. Rae1 c4 20. Rxb5 Qxg3 21. hxg3 cxd3 22. cxd3 Rxd3 23. Rb7 a5 24. Rxf7 Rxb3 25. axb3 Kxf7 26. Ng5+ Kg6 27. Nxe6 Rb8 28. Nd4 Kf7 29. Re5 Rb4 30. Nc6 Rxb3 31. Rxa5 Rb1+ 32. Kh2 Rc1 33. Ne5+ Ke6 34. Nd3 Rc8 35. g4 Nf6 36. Nf4+ Kf7 37. f3 Rc7 38. Ra6 h6 39. Kg3 Rb7 40. Rc6 Ra7 41. Ne6 Ra3 42. Nd4 Ra7 43. Nf5 Rd7 44. Ra6 Rc7 45. Nd6+ Kg8 46. Ra8+ Kh7 47. Nf5 g6 48. Nd4 Rd7 49. Ne6 Re7 50. Ra6 Nd5 51. Nf8+ Kg7 52. Nxg6 Rb7 53. Nf4 Nc3 54. Ne6+ Kh7 55. Nd4 Rd7 56. Nf5 Ne2+ 57. Kf2 Nf4 58. Rxh6+ Kg8 59. Rd6 Ra7 60. g3 Ra2+ 61. Ke3 Ng2+ 62. Ke4 Re2+ 63. Kd5 Rf2 64. f4 Re2 65. g5 Ne1 66. g6 Re8 67. Rd7 Nf3 68. Nh6+ Kh8 69. Rh7# 1-0

[Event "November 21 Late 2023"]
[Site "https://www.chess.com"]
[Date "2023.11.21"]
[Round "10"]
[White "Yeletsky, Ivan"]
[Black "Statham_l3"]
[Result "1-0"]
[Board "20"]
[TimeControl "180+1"]
[WhiteFideId "24180327"]
[WhiteElo "2358"]
[BlackElo "2602"]
[WhiteTeam "RUS"]
[WhiteClock "0:00:10"]
[BlackClock "0:00:00"]

1. Nf3 d5 2. g3 Nc6 3. d4 Bf5 4. Bg2 Nb4 5. Na3 e6 6. Nh4 Bg4 7. c3 Nc6 8. h3 Bh5 9. Qb3 a6 10. g4 Bg6 11. Nxg6 hxg6 12. e4 Nf6 13. exd5 Nxd5 14. Nc4 Rb8 15. Bd2 Be7 16. O-O-O b5 17. Ne3 Na5 18. Qc2 O-O 19. h4 Bxh4 20. Nxd5 exd5 21. f4 Re8 22. Qd3 b4 23. cxb4 Nc4 24. Qh3 g5 25. fxg5 Nxd2 26. Qxh4 Kf8 27. Rxd2 Rxb4 28. Qh8+ Ke7 29. Re1+ Kd7 30. Rxe8 Qxe8 31. Qxe8+ Kxe8 32. Bxd5 c5 33. dxc5 Rxg4 34. c6 Rxg5 35. c7 Kd7 36. Rc2 Rg1+ 37. Kd2 Rg5 38. c8=Q+ Ke7 39. Qc6 Re5 40. Qc7+ Kf6 41. Qd6+ Kf5 42. Rc5 g5 43. Be6+ Kf4 44. Qxe5+ Kf3 45. Bd5+ 1-0

[Event "November 21 Late 2023"]
[Site "https://www.chess.com"]
[Date "2023.11.21"]
[Round "10"]
[White "Vasquez Schroeder, Rodrigo"]
[Black "Leiva, Gianmarco"]
[Result "1-0"]
[Board "21"]
[TimeControl "180+1"]
[WhiteFideId "3400042"]
[BlackFideId "3804399"]
[WhiteElo "2582"]
[BlackElo "2335"]
[WhiteTeam "CHI"]
[BlackTeam "PER"]
[WhiteClock "0:00:51"]
[BlackClock "0:00:01"]

1. e4 g6 2. d4 Bg7 3. Nf3 d6 4. Bc4 c6 5. Bb3 Nf6 6. Nbd2 O-O 7. O-O Nbd7 8. e5 dxe5 9. dxe5 Nd5 10. e6 fxe6 11. Ne4 Ne5 12. Nxe5 Bxe5 13. g3 Bg7 14. Qe2 e5 15. Rd1 Qe8 16. Kg2 h6 17. h3 Qd7 18. Rh1 Qf5 19. f3 Be6 20. Bd2 Rad8 21. Rad1 b6 22. Bc1 Kh7 23. h4 Rd7 24. c3 Rfd8 25. Bc2 Qf7 26. h5 Kg8 27. hxg6 Qxg6 28. Nc5 Qf7 29. Nxd7 Rxd7 30. Qe4 Rd6 31. Qh7+ Kf8 32. Bxh6 Bxh6 33. Qh8+ Qg8 34. Qxh6+ Ke8 35. Qg6+ Qxg6 36. Bxg6+ Kd7 37. Kf2 b5 38. Be4 Bf7 39. Rh7 Rf6 40. Rxf7 Rxf7 41. Bxd5 cxd5 42. Rxd5+ 1-0